[Event "ICC tourney 2298 (30 10)"]
[Site "Internet Chess Club"]
[Date "2021.01.10"]
[Round "5"]
[White "SunnyCountry"]
[Black "jvihaan"]
[Result "0-1"]
[ICCResult "White checkmated"]
[WhiteElo "1348"]
[BlackElo "1367"]
[Opening "Giuoco Pianissimo"]
[ECO "C55"]
[NIC "IG.01"]
[Time "19:02:05"]
[PlyCount "80"]
[TimeControl "1800+10"]

1. e4 e5 2. Nf3 Nc6 3. Bc4 Nf6 4. d3 Bc5 5. c3 O-O 6. Bg5 h6 7. Bh4 d6 8.
a4 Bg4 9. b4 Nxb4 10. cxb4 Bxb4+ 11. Nbd2 Bxf3 12. gxf3 c6 13. Rg1 d5 14.
Ba2 dxe4 15. fxe4 Bxd2+ 16. Qxd2 Nxe4 17. Bxd8 Nxd2 18. Kxd2 Raxd8 19. Kc2
Rd4 20. Bc4 e4 21. Rad1 exd3+ 22. Rxd3 Rxc4+ 23. Kb3 Rf4 24. Rdg3 g6 25.
R1g2 Re8 26. Re3 Rxe3+ 27. fxe3 Rf3 28. Re2 Kg7 29. Kb4 Kf6 30. e4 Ke5 31.
Kc5 Rf4 32. a5 Rxe4 33. Rxe4+ Kxe4 34. Kd6 f5 35. Kc7 f4 36. Kxb7 f3 37.
Kxa7 f2 38. Kb6 f1=Q 39. a6 Qb1+ 40. Ka5 Qb5# { White checkmated } 0-1

[Event "ICC tourney 2298 (30 10)"]
[Site "Internet Chess Club"]
[Date "2021.01.10"]
[Round "5"]
[White "MehPlayer"]
[Black "SoaringHawk24"]
[Result "0-1"]
[ICCResult "White resigns"]
[WhiteElo "1554"]
[BlackElo "1440"]
[Opening "Bird's opening"]
[ECO "A03"]
[NIC "VO.07"]
[Time "19:02:05"]
[PlyCount "57"]
[TimeControl "1800+10"]

1. f4 d5 2. Nf3 Nc6 3. e3 Nf6 4. d4 Bf5 5. Bd3 Bg6 6. Nbd2 e6 7. O-O Bb4 8.
Qe2 Bxd2 9. Bxd2 O-O 10. c3 Bxd3 11. Qxd3 Ne4 12. Ne5 Nxe5 13. fxe5 c6 14.
Rf4 Qb6 15. Rb1 Qa5 16. a3 Qb6 17. Rxe4 dxe4 18. Qxe4 Rad8 19. b4 Qa6 20.
Rf1 Qxa3 21. Rf3 Qa1+ 22. Kf2 Qb2 23. Qd3 Rd5 24. Rh3 h6 25. e4 Rd7 26. Rg3
f5 27. exf5 Rxf5+ 28. Rf3 Rxf3+ 29. gxf3 { White resigns } 0-1

[Event "ICC tourney 2298 (30 10)"]
[Site "Internet Chess Club"]
[Date "2021.01.10"]
[Round "5"]
[White "solveur"]
[Black "akshajp"]
[Result "1-0"]
[ICCResult "Black checkmated"]
[WhiteElo "1435"]
[BlackElo "1389"]
[Opening "QGD: 4.Nf3"]
[ECO "D37"]
[NIC "QO.16"]
[Time "19:02:05"]
[PlyCount "85"]
[TimeControl "1800+10"]

1. d4 d5 2. c4 e6 3. Nc3 Nf6 4. Nf3 Be7 5. Bg5 Nc6 6. e3 O-O 7. Bd3 h6 8.
Bf4 Nb4 9. O-O Nxd3 10. Qxd3 c6 11. c5 Nh5 12. Bg3 Nxg3 13. fxg3 Bf6 14.
Qd2 Re8 15. e4 e5 16. dxe5 Bxe5 17. exd5 Bxc3 18. Qxc3 cxd5 19. Rae1 Be6
20. Nd4 Qc8 21. Nxe6 Rxe6 22. Rxe6 Qxe6 23. Re1 Qc6 24. Kh1 Rc8 25. b4 b6
26. h3 bxc5 27. bxc5 Qxc5 28. Re8+ Kh7 29. Rxc8 Qxc3 30. Rxc3 d4 31. Rd3 f5
32. Rxd4 f4 33. Rxf4 h5 34. Ra4 h4 35. gxh4 g6 36. Rxa7+ Kh6 37. Ra5 g5 38.
hxg5+ Kg6 39. h4 Kg7 40. h5 Kg8 41. h6 Kh8 42. g6 Kg8 43. Ra8# { Black
checkmated } 1-0

[Event "ICC tourney 2298 (30 10)"]
[Site "Internet Chess Club"]
[Date "2021.01.10"]
[Round "5"]
[White "awakeprize"]
[Black "Kyriakos1301"]
[Result "1/2-1/2"]
[ICCResult "Game drawn by mutual agreement"]
[WhiteElo "1470"]
[BlackElo "1550"]
[Opening "Sicilian"]
[ECO "B50"]
[NIC "SI.01"]
[Time "19:02:05"]
[PlyCount "87"]
[TimeControl "1800+10"]

1. e4 c5 2. Nf3 d6 3. c3 e6 4. d4 d5 5. e5 Nc6 6. Be3 cxd4 7. cxd4 Qb6 8.
Qd2 Bd7 9. Bd3 Rc8 10. Nc3 Na5 11. Rc1 Nc4 12. Bxc4 Rxc4 13. O-O Ne7 14. b3
Rc7 15. Na4 Bxa4 16. Rxc7 Qxc7 17. bxa4 Nc6 18. Rb1 Be7 19. Qb2 b6 20. Qb5
O-O 21. Rc1 Rc8 22. Bd2 Qb7 23. h3 a6 24. Qb3 h6 25. Kh2 Kh7 26. Rb1 Bd8
27. a5 b5 28. a4 Bxa5 29. axb5 axb5 30. Bxa5 Nxa5 31. Qxb5 Qxb5 32. Rxb5
Nc4 33. Rb7 Kg8 34. Kg3 Na3 35. Rb3 Nc2 36. Rb1 Rc4 37. Rd1 Kh7 38. h4 Kg6
39. Kf4 f6 40. g3 Kf7 41. Rd2 Ke7 42. h5 fxe5+ 43. Kxe5 Rc3 44. Kf4 { Game
drawn by mutual agreement } 1/2-1/2

[Event "ICC tourney 2298 (30 10)"]
[Site "Internet Chess Club"]
[Date "2021.01.10"]
[Round "5"]
[White "hemtej-g"]
[Black "blueocean07"]
[Result "0-1"]
[ICCResult "White resigns"]
[WhiteElo "1562"]
[BlackElo "1605"]
[Opening "QGD semi-Slav: 5.e3"]
[ECO "D45"]
[NIC "SL.08"]
[Time "19:02:05"]
[PlyCount "94"]
[TimeControl "1800+10"]

1. d4 d5 2. c4 c6 3. e3 Nf6 4. Nc3 e6 5. Nf3 Bd6 6. b3 O-O 7. Bb2 Nbd7 8.
Be2 Re8 9. O-O dxc4 10. bxc4 e5 11. d5 cxd5 12. cxd5 b6 13. e4 Nc5 14. Bd3
a5 15. a4 Nxd3 16. Qxd3 Ba6 17. Nb5 Qd7 18. Rfe1 Rac8 19. Qb3 Bb4 20. Nxe5
Rxe5 21. Bxe5 Bxe1 22. Rxe1 Bxb5 23. Qxb5 Qxb5 24. axb5 Nxe4 25. h3 Nc5 26.
Rc1 Kf8 27. Bd6+ Ke8 28. f3 Kd7 29. Bf4 a4 30. Kf1 a3 31. Ra1 Ra8 32. Ra2
Nd3 33. Bd2 Nb2 34. Bc1 Nc4 35. Ke2 Kd6 36. Kd3 Kxd5 37. Kc3 Kc5 38. Kb3
Kxb5 39. Bxa3 Rxa3+ 40. Rxa3 Nxa3 41. Kxa3 Kc4 42. Kb2 h5 43. Kc2 f5 44. h4
f4 45. Kd2 b5 46. Kc2 g6 47. Kd2 Kd4 { White resigns } 0-1

[Event "ICC tourney 2298 (30 10)"]
[Site "Internet Chess Club"]
[Date "2021.01.10"]
[Round "5"]
[White "loveEdinburgh"]
[Black "ZYCON"]
[Result "1/2-1/2"]
[ICCResult "Game drawn by mutual agreement"]
[WhiteElo "1834"]
[BlackElo "1385"]
[Opening "Grünfeld: exchange, classical variation"]
[ECO "D87"]
[NIC "GI.05"]
[Time "19:02:05"]
[PlyCount "72"]
[TimeControl "1800+10"]

1. d4 Nf6 2. c4 g6 3. Nc3 d5 4. cxd5 Nxd5 5. e4 Nxc3 6. bxc3 Bg7 7. Bc4 c5
8. Ne2 Nc6 9. Be3 O-O 10. O-O Qa5 11. Qc2 cxd4 12. cxd4 Bd7 13. Rad1 Rac8
14. Qd2 Qxd2 15. Rxd2 Rfd8 16. Bb3 Na5 17. Rb2 b6 18. Rd1 Nxb3 19. axb3 Bb5
20. h3 Rc7 21. Rc1 Rxc1+ 22. Nxc1 Bxd4 23. Rd2 e5 24. Ne2 Bxe2 25. Rxe2
Bxe3 26. Rxe3 Rd4 27. f3 Kf8 28. Rc3 Rb4 29. Rc8+ Ke7 30. Rc7+ Kf6 31. Rxa7
Rxb3 32. Rb7 b5 33. Kh2 b4 34. Kg3 Rb1 35. Kh2 b3 36. Kg3 b2 { Game drawn
by mutual agreement } 1/2-1/2

[Event "ICC tourney 2298 (30 10)"]
[Site "Internet Chess Club"]
[Date "2021.01.10"]
[Round "5"]
[White "atharvamchess"]
[Black "wulovechess"]
[Result "1-0"]
[ICCResult "Black checkmated"]
[WhiteElo "1476"]
[BlackElo "1617"]
[Opening "Queen's pawn, Mason variation"]
[ECO "D00"]
[NIC "QP.08"]
[Time "19:02:05"]
[PlyCount "121"]
[TimeControl "1800+10"]

1. d4 d5 2. Bf4 Nf6 3. e3 Bf5 4. Bd3 Bg6 5. Nf3 e6 6. c3 Bd6 7. Bg3 O-O 8.
O-O Nbd7 9. Qc2 c5 10. Bxd6 Re8 11. Bxg6 fxg6 12. Bg3 Qb6 13. Ne5 Nxe5 14.
Bxe5 Ne4 15. Nd2 cxd4 16. exd4 Nf6 17. Bxf6 gxf6 18. f4 f5 19. Nf3 Rac8 20.
Ne5 Qxd4+ 21. Qf2 Qxf2+ 22. Rxf2 b5 23. a4 a6 24. axb5 axb5 25. g3 Rc7 26.
Ra5 Rb8 27. Re2 h5 28. Nxg6 Kf7 29. Ne5+ Kf6 30. Nd3 Rc6 31. Nb4 Rc4 32.
Ra6 Re4 33. Rxe4 fxe4 34. Nxd5+ Kf5 35. Ne3+ Kf6 36. Kf2 Rd8 37. Nf1 Rd5
38. Ke2 Ke7 39. Nd2 e5 40. fxe5 Rxe5 41. Ke3 h4 42. Nxe4 hxg3 43. hxg3 Kd7
44. g4 Re6 45. Rxe6 Kxe6 46. Kd4 Kd7 47. Kd5 Ke7 48. Kc5 Ke6 49. g5 Kf5 50.
Kxb5 Ke6 51. Kc6 Kf7 52. b4 Ke8 53. b5 Kd8 54. b6 Kc8 55. b7+ Kb8 56. g6
Ka7 57. Kc7 Ka6 58. b8=Q Ka5 59. Qb6+ Ka4 60. Nc5+ Ka3 61. Qb3# { Black
checkmated } 1-0

[Event "ICC tourney 2298 (30 10)"]
[Site "Internet Chess Club"]
[Date "2021.01.10"]
[Round "5"]
[White "Fischeresque930"]
[Black "SuperBlueSky"]
[Result "0-1"]
[ICCResult "White resigns"]
[WhiteElo "1776"]
[BlackElo "1562"]
[Opening "Ruy Lopez: closed defense"]
[ECO "C84"]
[NIC "RL.13"]
[Time "19:02:05"]
[PlyCount "104"]
[TimeControl "1800+10"]

1. e4 e5 2. Nf3 Nc6 3. Bb5 a6 4. Ba4 Nf6 5. O-O Be7 6. d3 b5 7. Bb3 O-O 8.
h3 Bb7 9. Re1 d6 10. c3 Na5 11. Bc2 c5 12. Nbd2 Nc6 13. Nf1 Re8 14. d4 g6
15. Ng3 Bf8 16. d5 Nb8 17. b3 Nbd7 18. c4 b4 19. a3 a5 20. axb4 axb4 21.
Be3 Qc7 22. Qd2 Rxa1 23. Rxa1 Ra8 24. Qc1 Qb8 25. Ne1 Ne8 26. Nd3 Rxa1 27.
Qxa1 Qa8 28. Qc1 Bg7 29. Kh2 Qd8 30. f4 f6 31. Qf1 Qe7 32. Qf3 Bc8 33. Ne2
exf4 34. Bxf4 Ne5 35. Nxe5 fxe5 36. Bd2 Qf7 37. Kg3 Qxf3+ 38. gxf3 Nf6 39.
h4 Nh5+ 40. Kf2 Bf6 41. Bg5 Kg7 42. Ke3 h6 43. Bxf6+ Kxf6 44. f4 Nxf4 45.
Nxf4 exf4+ 46. Kxf4 g5+ 47. hxg5+ hxg5+ 48. Ke3 Bg4 49. Bb1 Bd1 50. Ba2 Ke5
51. Bb1 Bxb3 52. Bd3 Ba2 { White resigns } 0-1

[Event "ICC tourney 2298 (30 10)"]
[Site "Internet Chess Club"]
[Date "2021.01.10"]
[Round "5"]
[White "babu12020"]
[Black "UltimateDL"]
[Result "0-1"]
[ICCResult "White resigns"]
[WhiteElo "1860"]
[BlackElo "1631"]
[Opening "Queen's pawn, Mason variation"]
[ECO "D00"]
[NIC "QP.08"]
[Time "19:02:05"]
[PlyCount "106"]
[TimeControl "1800+10"]

1. d4 d5 2. Bf4 Nf6 3. e3 c5 4. c3 Nc6 5. Nf3 Qb6 6. Qb3 c4 7. Qc2 Bf5 8.
Qc1 e6 9. Nbd2 Be7 10. Be2 O-O 11. Nh4 Bd3 12. Bxd3 cxd3 13. O-O Ne4 14.
Nhf3 Rac8 15. Nb3 a5 16. Ne5 Nxe5 17. Bxe5 a4 18. Nd2 f5 19. f3 Nd6 20.
Bxd6 Bxd6 21. f4 a3 22. bxa3 Qa5 23. Nb3 Qxc3 24. Qxc3 Rxc3 25. Rac1 Rfc8
26. Rxc3 Rxc3 27. Rd1 b6 28. a4 Kf7 29. Kf2 Ke7 30. Kf3 Ba3 31. a5 bxa5 32.
Nxa5 Kd7 33. Nb3 Kc6 34. h3 h5 35. g4 g6 36. gxf5 gxf5 37. Rd2 h4 38. Kf2
Bb4 39. Kf3 Rxb3 40. Rd1 Ra3 41. Rc1+ Rc3 42. Rb1 Kb5 43. Kf2 Rc2+ 44. Kf3
d2 45. Ke2 Rc1 46. Rxb4+ Kxb4 47. Kxd2 Ra1 48. e4 dxe4 49. Ke3 Rxa2 50. d5
Ra3+ 51. Kd4 exd5 52. Ke5 e3 53. Kxf5 e2 { White resigns } 0-1

[Event "ICC tourney 2298 (30 10)"]
[Site "Internet Chess Club"]
[Date "2021.01.10"]
[Round "5"]
[White "jvinamra"]
[Black "AbruptFir"]
[Result "0-1"]
[ICCResult "White checkmated"]
[WhiteElo "1292"]
[BlackElo "1520"]
[Opening "Queen's pawn, Mason variation"]
[ECO "D00"]
[NIC "QP.08"]
[Time "19:02:05"]
[PlyCount "74"]
[TimeControl "1800+10"]

1. d4 d5 2. Bf4 c6 3. Nf3 Nf6 4. e3 e6 5. c4 Bd6 6. Bg3 Bxg3 7. hxg3 Nbd7
8. Bd3 Qc7 9. Nc3 dxc4 10. Bxc4 b5 11. Bd3 Bb7 12. Qc2 h6 13. Nxb5 Qa5+ 14.
Nc3 O-O 15. O-O c5 16. Ne4 cxd4 17. Nxf6+ Nxf6 18. Nxd4 Rac8 19. Qe2 Rfd8
20. Bc4 e5 21. Nf5 Rd2 22. Ne7+ Kh7 23. Bd3+ e4 24. Bxe4+ Bxe4 25. Qxd2
Qxd2 26. Nxc8 Bd3 27. Rfd1 Qxb2 28. Nxa7 Ng4 29. Rf1 Bxf1 30. Rxf1 Qb7 31.
f3 Nxe3 32. Re1 Qxa7 33. Kh2 Nf5 34. Ra1 Qf2 35. a4 Nxg3 36. a5 Ne2 37. a6
Qh4# { White checkmated } 0-1

[Event "ICC tourney 2298 (30 10)"]
[Site "Internet Chess Club"]
[Date "2021.01.10"]
[Round "5"]
[White "kevinsun"]
[Black "couchpotato26"]
[Result "1-0"]
[ICCResult "Black resigns"]
[WhiteElo "1213"]
[BlackElo "1827"]
[Opening "Scotch: Mieses variation"]
[ECO "C45"]
[NIC "SO.04"]
[Time "19:02:05"]
[PlyCount "83"]
[TimeControl "1800+10"]

1. e4 e5 2. Nf3 Nc6 3. d4 exd4 4. Nxd4 Nf6 5. Nxc6 bxc6 6. e5 Nd5 7. c4 Nb6
8. Nc3 d5 9. exd6 cxd6 10. Bd3 Be7 11. O-O O-O 12. Qh5 g6 13. Qh6 d5 14.
cxd5 cxd5 15. Ne2 Bb7 16. Ng3 Re8 17. Nh5 Bf8 18. Qf4 gxh5 19. Qf5 Bg7 20.
Qxh7+ Kf8 21. Bh6 Bxh6 22. Qxh6+ Ke7 23. Bf5 f6 24. Rac1 Nd7 25. Qg7+ Kd6
26. Bxd7 Qxd7 27. Qxf6+ Qe6 28. Qf4+ Qe5 29. Qb4+ Ke6 30. Rfe1 Rab8 31. Qf4
Kd6 32. Rxe5 Rxe5 33. Re1 Re8 34. Rxe5 Rxe5 35. h3 Bc6 36. g4 hxg4 37. hxg4
Ke6 38. g5 Re4 39. Qf6+ Kd7 40. f3 Re6 41. Qf5 Kd6 42. g6 { Black resigns }
1-0

[Event "ICC tourney 2298 (30 10)"]
[Site "Internet Chess Club"]
[Date "2021.01.10"]
[Round "5"]
[White "GrandWizard"]
[Black "RishiMurali"]
[Result "1-0"]
[ICCResult "Black resigns"]
[WhiteElo "1806"]
[BlackElo "1763"]
[Opening "Gedult's opening"]
[ECO "A00"]
[Time "19:02:05"]
[PlyCount "113"]
[TimeControl "1800+10"]

1. f3 c5 2. c3 e6 3. d4 cxd4 4. cxd4 d5 5. Nc3 Nc6 6. e3 Nf6 7. Bb5 Be7 8.
Nge2 a6 9. Bxc6+ bxc6 10. Na4 O-O 11. Qc2 Bd7 12. Nc5 Bxc5 13. Qxc5 a5 14.
Nc3 a4 15. O-O Ra5 16. Qa3 Qa8 17. Bd2 Rc8 18. Ne2 Rb5 19. Rac1 Qa7 20. b4
Ra8 21. Rc2 Ne8 22. Rc5 Nd6 23. Nc3 Rxc5 24. dxc5 Nc4 25. Qc1 Nxd2 26. Qxd2
Qa6 27. Qe2 Qxe2 28. Nxe2 a3 29. Rb1 Kf8 30. Rb3 e5 31. Nc3 d4 32. Nb1 Be6
33. Rxa3 Rxa3 34. Nxa3 Bxa2 35. exd4 exd4 36. Kf2 Ke7 37. Nc2 d3 38. Nd4
Kd7 39. Ke3 Bc4 40. Kd2 g6 41. Kc3 f5 42. f4 Bd5 43. g3 Be4 44. Nb3 Ke6 45.
Kd4 h6 46. Nd2 g5 47. fxg5 hxg5 48. h4 Kf6 49. Nxe4+ fxe4 50. Ke3 gxh4 51.
gxh4 Kf5 52. b5 cxb5 53. c6 b4 54. c7 b3 55. c8=Q+ Kg6 56. Qg4+ Kf6 57.
Qf4+ { Black resigns } 1-0

[Event "ICC tourney 2298 (30 10)"]
[Site "Internet Chess Club"]
[Date "2021.01.10"]
[Round "5"]
[White "PStricker"]
[Black "aachess4321"]
[Result "1-0"]
[ICCResult "Black resigns"]
[WhiteElo "1519"]
[BlackElo "1246"]
[Opening "Grünfeld: modern exchange variation"]
[ECO "D90"]
[NIC "GI.07"]
[Time "19:02:05"]
[PlyCount "103"]
[TimeControl "1800+10"]

1. d4 Nf6 2. c4 g6 3. Nf3 Bg7 4. Nc3 d5 5. cxd5 Nxd5 6. e4 Nxc3 7. bxc3 c5
8. Bc4 O-O 9. O-O Nc6 10. Bb2 Bg4 11. d5 Ne5 12. Be2 Nxf3+ 13. Bxf3 Bxf3
14. Qxf3 Qb6 15. Rab1 Qa5 16. Qe3 c4 17. a3 Rac8 18. Rfd1 Qc5 19. Qxc5 Rxc5
20. Ba1 b6 21. Rb4 b5 22. a4 Rb8 23. Rdb1 a6 24. f4 f5 25. e5 Rxd5 26. Rxc4
bxc4 27. Rxb8+ Kf7 28. Kf2 Rd1 29. Bb2 Rb1 30. Ke3 Bf8 31. Rb7 Kg8 32. e6
Re1+ 33. Kd4 Rxe6 34. Kxc4 Re4+ 35. Kd5 Rxa4 36. c4 e6+ 37. Kd4 Bg7+ 38.
Kc5 Bxb2 39. Rxb2 Ra1 40. Kd6 Rc1 41. c5 Kf7 42. Rb7+ Ke8 43. Kxe6 Kd8 44.
Kd6 Rd1+ 45. Kc6 Rd4 46. g3 Rd2 47. Rxh7 a5 48. Rh8+ Ke7 49. Kb6 a4 50. c6
Rc2 51. c7 Rb2+ 52. Ka5 { Black resigns } 1-0

[Event "ICC tourney 2298 (30 10)"]
[Site "Internet Chess Club"]
[Date "2021.01.10"]
[Round "5"]
[White "crazyhorse9"]
[Black "tidalwave09"]
[Result "1-0"]
[ICCResult "Black resigns"]
[WhiteElo "1493"]
[BlackElo "1600"]
[Opening "Sicilian: closed"]
[ECO "B24"]
[NIC "SI.44"]
[Time "19:02:19"]
[PlyCount "77"]
[TimeControl "1800+10"]

1. e4 c5 2. Nc3 Nc6 3. g3 g6 4. Bg2 Bg7 5. Nge2 d6 6. d3 e6 7. O-O Nge7 8.
f4 O-O 9. Qe1 Bd7 10. Bd2 Qb6 11. Rb1 Nd4 12. Nxd4 Bxd4+ 13. Be3 Bxe3+ 14.
Qxe3 Bc6 15. Qe2 d5 16. Kh1 d4 17. Nd1 f5 18. Nf2 Rfe8 19. Nh3 h6 20. g4 c4
21. dxc4 fxe4 22. Bxe4 Bxe4+ 23. Qxe4 Rac8 24. b3 Nc6 25. Qxg6+ Kf8 26. f5
Ne5 27. fxe6+ Ke7 28. Qf6+ Kd6 29. e7+ Kd7 30. Qxe5 Rxe7 31. Qd5+ Ke8 32.
Rbe1 Qg6 33. Rxe7+ Kxe7 34. Qxb7+ Kd6 35. Nf4 Qxg4 36. Qd5+ Ke7 37. Re1+
Kf8 38. Qd6+ Kg8 39. Rg1 { Black resigns } 1-0

[Event "ICC tourney 2298 (30 10)"]
[Site "Internet Chess Club"]
[Date "2021.01.10"]
[Round "5"]
[White "chesslin"]
[Black "vober6"]
[Result "1-0"]
[ICCResult "Black forfeits on time"]
[WhiteElo "1765"]
[BlackElo "1876"]
[Opening "Queen's pawn, Mason variation"]
[ECO "D00"]
[NIC "QP.08"]
[Time "19:02:19"]
[PlyCount "73"]
[TimeControl "1800+10"]

1. d4 d5 2. Bf4 Nf6 3. e3 c5 4. Nf3 Nc6 5. a3 Qb6 6. Nc3 a6 7. Na4 Qa5+ 8.
c3 c4 9. b4 Qd8 10. Be2 e6 11. Nd2 Bd6 12. Bxd6 Qxd6 13. f4 O-O 14. O-O Nd7
15. e4 f5 16. e5 Qe7 17. Nf3 Rd8 18. Qe1 Nf8 19. Kh1 Bd7 20. Nb6 Rab8 21.
a4 Be8 22. Ng5 h6 23. Nh3 Nd7 24. Nxd7 Rxd7 25. Bd1 Rdd8 26. Ra2 Bf7 27. g4
fxg4 28. Bxg4 Bg6 29. f5 exf5 30. Bxf5 Bxf5 31. Rxf5 Rf8 32. Raf2 Rxf5 33.
Rxf5 Qe6 34. Qf2 Ne7 35. Rf3 Qg6 36. Nf4 Qe4 37. Ne6 { Black forfeits on
time } 1-0

[Event "ICC tourney 2298 (30 10)"]
[Site "Internet Chess Club"]
[Date "2021.01.10"]
[Round "5"]
[White "DanielZahzouhi"]
[Black "weakfish"]
[Result "1-0"]
[ICCResult "Black resigns"]
[WhiteElo "1573"]
[BlackElo "1565"]
[Opening "Caro-Kann: anti-anti-Caro-Kann defense"]
[ECO "A11"]
[NIC "EO.64"]
[Time "19:02:05"]
[PlyCount "99"]
[TimeControl "1800+10"]

1. c4 c6 2. e4 d5 3. cxd5 cxd5 4. exd5 Nf6 5. Nc3 a6 6. Nf3 Nxd5 7. Bc4
Nxc3 8. bxc3 e6 9. O-O Be7 10. d4 O-O 11. Bd3 Qc7 12. Qc2 g6 13. Ne5 Bf6
14. Bf4 Qe7 15. Ng4 Bg7 16. g3 Nd7 17. h4 f5 18. Ne5 Nxe5 19. dxe5 Qc5 20.
Rfe1 Bd7 21. c4 Bc6 22. Qb2 Rad8 23. Rad1 Rd7 24. Bg5 h6 25. Be3 Qa5 26. f4
Qd8 27. Bb6 Qc8 28. Bc2 Rxd1 29. Rxd1 Bf3 30. Rd6 Qxc4 31. Bb3 Qe4 32.
Bxe6+ Kh7 33. Bf2 Bh1 34. Bd5 Qxd5 35. Rxd5 Bxd5 36. a4 Re8 37. a5 g5 38.
hxg5 hxg5 39. Bd4 gxf4 40. gxf4 Rg8 41. Kf1 Bh6 42. Qh2 Rg4 43. Be3 Kg6 44.
Qd2 Be4 45. Qd6+ Kh5 46. e6 Rg6 47. Qd7 Bc6 48. Qf7 Bd5 49. Qxf5+ Rg5 50.
fxg5 { Black resigns } 1-0

[Event "ICC tourney 2298 (30 10)"]
[Site "Internet Chess Club"]
[Date "2021.01.10"]
[Round "5"]
[White "muzikmixer"]
[Black "APBrain"]
[Result "1-0"]
[ICCResult "Black checkmated"]
[WhiteElo "1633"]
[BlackElo "1639"]
[Opening "Réti: old Indian attack"]
[ECO "A00"]
[NIC "VO.13"]
[Time "19:02:05"]
[PlyCount "141"]
[TimeControl "1800+10"]

1. d3 d5 2. Nf3 Nf6 3. c3 c5 4. g3 e6 5. Bg2 Bd6 6. Nbd2 Nc6 7. O-O O-O 8.
e4 b6 9. Qe2 dxe4 10. dxe4 e5 11. Nc4 b5 12. Nxd6 Qxd6 13. Rd1 Qe7 14. Qxb5
Bd7 15. Qa6 Rad8 16. Bg5 h6 17. Bxf6 Qxf6 18. Rd5 Bc8 19. Qd3 Bb7 20. Rd1
Nb4 21. cxb4 Bxd5 22. exd5 cxb4 23. Qe4 Rfe8 24. Nd2 Rc8 25. Qxb4 Rb8 26.
Qa3 Qb6 27. Nc4 Qc7 28. b3 e4 29. Bh3 Rbd8 30. Ne3 g6 31. Qb2 f5 32. Bf1
Re7 33. Bc4 Qd6 34. h4 Rf7 35. Be2 f4 36. Nc4 Qc5 37. b4 Qf8 38. Ne5 Rf6
39. Ng4 Rf5 40. d6 h5 41. Bc4+ Kh7 42. Be6 hxg4 43. Bxf5 gxf5 44. d7 Qe7
45. Qd4 fxg3 46. fxg3 e3 47. Qd5 Kg6 48. Qd6+ Kf7 49. Qxe7+ Kxe7 50. Kf1
Kf6 51. Ke2 f4 52. gxf4 Kf5 53. Kxe3 g3 54. Kf3 g2 55. Kxg2 Kxf4 56. Kf2
Kg4 57. Ke3 Kxh4 58. Ke4 Kg5 59. Ke5 a5 60. a3 axb4 61. axb4 Kg6 62. Ke6
Rb8 63. Rg1+ Kh7 64. Ke7 Rb7 65. Ke8 Rxb4 66. d8=Q Re4+ 67. Kf7 Rf4+ 68.
Qf6 Rxf6+ 69. Kxf6 Kh8 70. Kf7 Kh7 71. Rh1# { Black checkmated } 1-0

[Event "ICC tourney 2298 (30 10)"]
[Site "Internet Chess Club"]
[Date "2021.01.10"]
[Round "5"]
[White "GAJones"]
[Black "tn285"]
[Result "0-1"]
[ICCResult "White resigns"]
[WhiteElo "1514"]
[BlackElo "1637"]
[Opening "Queen's bishop game"]
[ECO "D02"]
[NIC "QP.06"]
[Time "19:02:05"]
[PlyCount "114"]
[TimeControl "1800+10"]

1. d4 Nf6 2. Nf3 d5 3. Bf4 e6 4. h3 c5 5. e3 Nc6 6. c3 Be7 7. Bd3 O-O 8.
Nbd2 b6 9. Ne5 Bb7 10. O-O Nxe5 11. dxe5 Ne4 12. Bh2 Nxd2 13. Qxd2 c4 14.
Bc2 b5 15. a3 a5 16. Qe2 Bc6 17. Bg3 Qb6 18. Qh5 g6 19. Qg4 b4 20. axb4
axb4 21. Rxa8 Rxa8 22. h4 bxc3 23. bxc3 Qb2 24. Bd1 Qxc3 25. h5 Qd2 26.
hxg6 hxg6 27. Qd4 Qxd4 28. exd4 Ra1 29. Bf4 c3 30. Bc2 Ra2 31. Bd3 Ba4 32.
Rc1 c2 33. Kf1 Ba3 34. Ke2 Bxc1 35. Bxc1 Kg7 36. Kd2 Kh6 37. g3 Kg7 38. f3
Kf8 39. f4 Ke7 40. g4 Kd8 41. Kc3 Ra1 42. Kd2 Ra2 43. Kc3 Kc7 44. Kd2 Kb6
45. Kc3 Ra1 46. Kd2 Ra2 47. Kc3 Ka5 48. Bb2 Rxb2 49. Kxb2 Kb4 50. Bxc2 Bxc2
51. Kxc2 Kc4 52. Kd2 Kxd4 53. f5 gxf5 54. gxf5 Kxe5 55. fxe6 fxe6 56. Ke3
d4+ 57. Kd3 Kd5 { White resigns } 0-1

[Event "ICC tourney 2298 (30 10)"]
[Site "Internet Chess Club"]
[Date "2021.01.10"]
[Round "5"]
[White "mnm2"]
[Black "che2468"]
[Result "1-0"]
[ICCResult "Black checkmated"]
[WhiteElo "1526"]
[BlackElo "1433"]
[Opening "Sicilian: Prins (Moscow) variation"]
[ECO "B55"]
[NIC "SI.01"]
[Time "19:02:05"]
[PlyCount "129"]
[TimeControl "1800+10"]

1. e4 c5 2. Nf3 d6 3. d4 cxd4 4. Nxd4 Nf6 5. f3 Nc6 6. Be3 Bd7 7. c4 g6 8.
Nc3 Bg7 9. Be2 O-O 10. O-O Qb6 11. Qd3 Nxd4 12. Bxd4 Qc6 13. Rac1 Nh5 14.
Be3 f5 15. Nd5 Rf7 16. Bg5 Re8 17. b4 Nf6 18. Nxf6+ exf6 19. Be3 fxe4 20.
fxe4 Qxe4 21. Qxe4 Rxe4 22. Rf3 Bg4 23. Rf2 Bxe2 24. Rxe2 Rfe7 25. Rce1 f5
26. Kf2 Rxc4 27. Bxa7 Rxe2+ 28. Rxe2 Bd4+ 29. Bxd4 Rxd4 30. Rb2 Kf7 31. Ke3
Re4+ 32. Kd3 Ke6 33. a4 d5 34. a5 Kd6 35. b5 Ra4 36. a6 Kc7 37. b6+ Kc6 38.
a7 Kc5 39. Kc2 Ra6 40. Kb1 d4 41. Ra2 Rxb6+ 42. Ka1 d3 43. a8=Q d2 44. Rxd2
Ra6+ 45. Qxa6 bxa6 46. Rd8 a5 47. Rd7 h6 48. Rh7 Kd5 49. Rxh6 g5 50. Rh5
Ke5 51. Rxg5 Kf4 52. Rg8 Ke3 53. h4 Kf2 54. h5 f4 55. h6 a4 56. h7 a3 57.
h8=Q a2 58. Qd4+ Kf1 59. Qxf4+ Kg1 60. g4 Kg2 61. g5 Kg1 62. Rf8 Kg2 63.
Qf3+ Kh2 64. Rh8+ Kg1 65. Rh1# { Black checkmated } 1-0